cohdb
Replays
Latest Replays
All Replays
Popular Replays
Top Player Replays
Match Explorer
How It Works
Community
CoH3 Stats
Reddit
Sign in to upload your games and track your stats! →
Sign in with Steam
Match 41869420
Unlisted
Match 41869420
Overview
Messages
Build Orders
End
250 Light Carrier
Selects Italian Infantry
Panzergrenadier Squad
Construct Light Support Kompanie
Assault Grenadier Squad
Combat Half-tracks
Selects Defensive Operations
2.5-tonne Medical Truck
Fire Support Elements
Veteran Squad Leaders
Flakvierling Half-track
Tungsten Core Ammunition
Selects Guastatori Squad
Guastatori Squad
Selects Registered Artillery
Construct Mechanized Kompanie
Vehicle Survival Package
StuG III D Assault Gun
Advanced Field Repairs
Advanced Optics
Selects Prepared Positions
Student
ConcernedApe
stormsadder1225
Seven
0
0
Comments
sign in to comment!
No comments posted yet!